 Dungeon Crawl Stone Soup version bcrawl-1.21.2-28-g2cb1824106 (webtiles) character file.

Game seed: 3550453665415429009

12312 MisterOstroum the Grappler (level 11, -4/101 HPs)
             Began as a Centaur Martial Artist on Mar 11, 2020.
             Was a High Priest of Wu Jian.
             Slain by a jumping spider (17 damage)
             ... on level 2 of the Lair of Beasts on Mar 12, 2020.
             The game lasted 00:24:22 (11328 turns).

MisterOstroum the Grappler (CeMA)                  Turns: 11328, Time: 00:24:22

Health: -4/101     AC:  6    Str: 18    XL:     11   Next: 60%
Magic:  18/18      EV: 16    Int:  8    God:    Wu Jian [*****.]
Gold:   847        SH:  0    Dex: 12    Spells: 17/19 levels left

rFire    . . .     SeeInvis .     - Unarmed
rCold    . . .     Gourm    .   (no shield)
rNeg     . . .     Faith    .   z - +0 leather armour
rPois    .         Spirit   .   D - +0 helmet
rElec    .         Reflect  .   (no cloak)
rCorr    .         Harm     .   p - +0 pair of gloves
MR       .....                  (no barding)
Stlth    +.........             y - amulet of rage
HPRegen  0.26/turn              B - +4 ring of evasion
MPRegen  0.16/turn              (no ring)

@: confusing touch, glowing, very quick
A: large, hooves 3, deformed body, speed 2, tough skin 3
a: Wall Jump, Serpent's Lash, Heavenly Storm, Renounce Religion, Evoke Berserk
Rage


You were on level 2 of the Lair of Beasts.
You worshipped Wu Jian.
Wu Jian was extremely pleased with you.
You were hungry.

You visited 2 branches of the dungeon, and saw 9 of its levels.
You also visited: Sewer.

You collected 847 gold pieces.

Inventory:

Hand Weapons
 a - a +0 hunting sling
 C - a +2 vampiric dagger
Missiles
 f - 481 arrows
 n - 1191 stones (quivered)
 s - 79 bolts
 t - 964 sling bullets
 u - 66 tomahawks
 G - 3 throwing nets {!f!f}
Armour
 p - a +0 pair of gloves (worn)
 z - a +0 leather armour (worn)
 D - a +0 helmet (worn)
Jewellery
 y - an amulet of rage (around neck)
 B - a +4 ring of evasion (left hand)
 I - an uncursed amulet of magic regeneration
Wands
 q - a wand of flame (35)
 v - a wand of random effects (8)
 L - a wand of polymorph (12)
Scrolls
 c - 2 scrolls of magic mapping {@r5 !r}
 d - 3 scrolls of identify {@r1}
 g - a scroll of enchant weapon {unknown}
 h - 2 scrolls of immolation
 i - a scroll of fear {!r}
 j - a scroll of blinking {@r4}
 k - 7 scrolls of teleportation {@r3 !r}
 o - 4 scrolls of remove curse {@r2}
 K - 2 scrolls of fog {unknown}
Potions
 b - a potion of agility {@q5 !q}
 m - 5 potions of lignification {@q6}
 r - 4 potions of curing {@q1 !q}
 A - 2 potions of invisibility
 E - 3 potions of haste
 F - a potion of mutation
 H - a potion of cancellation
 J - a potion of heal wounds {@q2 !q}
Comestibles
 e - 17 rations {!d}


   Skills:
 - Level 10.4 Fighting
 + Level 6.6 Dodging
 - Level 0.5 Stealth
 - Level 10.5 Unarmed Combat
 * Level 4.9 Spellcasting
 + Level 5.7 Hexes
 * Level 2.8 Evocations


You had 17 spell levels left.
You knew the following spells:

 Your Spells              Type           Power        Failure   Level  Hunger
a - Confusing Touch       Hex            ##......     3%          1    #......
b - Corona                Hex            ##.....      3%          1    #......

Your spell library contained the following spells:

 Spells                   Type           Power        Failure   Level  Hunger
 Shackle                  Hex            ##......     4%          2    ###....
 False Image              Hex/Summ       #.......     28%         3    ###....
 Inner Flame              Hex/Fire       N/A          28%         3    ###....
 Cause Fear               Hex            ##........   30%         4    #####..
 Yara's Violent Unravell  Hex/Tmut       #.........   67%         4    #####..


Dungeon Overview and Level Annotations

Branches:
Dungeon (7/12)             Temple (0/1) D:5            Lair (2/6) D:7
  Swamp: Lair:2-4    Shoals: Lair:2-4     Snake: Lair:2-4    Spider: Lair:2-4

Altars:
Fedhas
Yredelemnul
The Shining One

Shops:
D:6 [

Annotations:
D:4 1 runed door


Innate Abilities, Weirdness & Mutations

You have hooves in place of feet.
Armour fits poorly on your strangely shaped body.
You cover ground very quickly.
You have extremely tough skin. (AC +3)


Message History

The jumping spider bites you.
The jumping spider leaps!
There is a web here.
The web tears apart.
The jumping spider leaps! x3
You feel less exhausted.
Your hands stop glowing.
You spin and attack the jumping spider.
You barely miss the jumping spider. You kick the jumping spider.
The jumping spider is lightly wounded.
The jumping spider pounces on you but does no damage.
The jumping spider bites you.
The jumping spider closely misses you. x2
You spin to attack the jumping spider, but your attack speed is too slow for a blow to land.
You spin and attack the jumping spider.
You hit the jumping spider. Your kick misses the jumping spider.
The jumping spider is lightly wounded.
The jumping spider pounces on you but does no damage.
The jumping spider misses you. x3
You spin and attack the jumping spider.
You hit the jumping spider but do no damage.
You spin to attack the jumping spider, but your attack speed is too slow for a blow to land.
The jumping spider barely misses you.
The jumping spider bites you but does no damage.
The jumping spider misses you.
The jumping spider bites you but does no damage.
You spin and attack the jumping spider.
You hit the jumping spider.
The jumping spider is lightly wounded.
You spin to attack the jumping spider, but your attack speed is too slow for a blow to land.
The jumping spider pounces on you but does no damage.
The jumping spider bites you but does no damage.
The jumping spider leaps!
The jumping spider pounces on you! The jumping spider bites you.
You spin and attack the jumping spider.
You completely miss the jumping spider.
The jumping spider is lightly wounded.
You spin and attack the jumping spider.
You closely miss the jumping spider.
The jumping spider is lightly wounded.
The jumping spider pounces on you! The jumping spider misses you.
The jumping spider leaps! x2
You spin and attack the jumping spider.
You hit the jumping spider.
You kick the jumping spider, but do no damage.
You punch the jumping spider, but do no damage.
The jumping spider is moderately wounded.
The jumping spider leaps!
The jumping spider leaps!
The jumping spider leaps!
There is a stone staircase leading up here.
You lunge at the jumping spider.
You punch the jumping spider!
The jumping spider is heavily wounded.
The jumping spider leaps!
Casting: Confusing Touch (safe; 3% risk of failure)
Confirm with . or Enter, or press ? or * to list all spells.
Your hands begin to glow red.
The jumping spider pounces on you. The jumping spider closely misses you.
The jumping spider leaps! x2
The jumping spider pounces on you! The jumping spider barely misses you.
You spin to attack the jumping spider, but your attack speed is too slow for a blow to land.
The jumping spider pounces on you but does no damage.
The jumping spider bites you.
Press: ? - help, v - describe, . - travel
Here: a jumping spider (heavily wounded, chance to confuse on hit: 29%)
The floor.
Unknown command.
You spin and attack the jumping spider.
The jumping spider seems disoriented.
You hit the jumping spider. You kick the jumping spider!
You kill the jumping spider!
The Council accepts your kill.
The jumping spider leaps!
You lunge at the jumping spider.
You hit the jumping spider but do no damage.
You kick the jumping spider, but do no damage.
The jumping spider is severely wounded.
The jumping spider misses you.
The jumping spider bites you but does no damage.
The jumping spider seems disoriented.
You hit the jumping spider. You kick the jumping spider.
The jumping spider is almost dead.
The jumping spider misses you. The jumping spider bites you.
You hit the jumping spider.
You kill the jumping spider!
The Council accepts your kill.
Your life force feels restored.
You lunge at the jumping spider.
You barely miss the jumping spider. You kick the jumping spider!
The jumping spider is moderately wounded.
The jumping spider misses you.
The jumping spider bites you but does no damage.
You punch the jumping spider!
The jumping spider is severely wounded.
The jumping spider misses you. The jumping spider closely misses you.
You barely miss the jumping spider. You kick the jumping spider.
The jumping spider is severely wounded.
The jumping spider pounces on you!
* * * LOW HITPOINT WARNING * * *
The jumping spider bites you.
* * * LOW HITPOINT WARNING * * *
You closely miss the jumping spider.
The jumping spider is severely wounded.
The jumping spider pounces on you!
* * * LOW HITPOINT WARNING * * *
You are caught in a web!
The jumping spider bites you but does no damage.
The web tears apart.
The jumping spider pounces on you!
You die...

#.####..............#
#..†.P...P##....#
##....#####..#..##
#...............#
#...#......#...##
#...##.....##..# #
#...####..###..# ..
#...#.#.+#.P#..#
..#.###.@s......P....#
........<............#
######P.##.###.##.####
####### ######


You could see a jumping spider.

Vanquished Creatures
  4 death yaks (D:7)
  Pikel (D:5)
  Joseph (D:7)
  A centaur zombie (D:7)
  2 komodo dragons (Lair:1)
  5 cane toads
  The ghost of chipmonk the Cudgeler, a novice GrRe of Vehumet (D:5)
  The ghost of KristoblXynda the Slasher, an amateur DrSk of Gozag (D:5)
  2 jumping spiders (Lair:2)
  A hippogriff (D:7)
  A redback (Lair:2)
  6 yaks (Lair:1)
  2 hungry ghosts
  Menkaure (D:7)
  3 crocodiles (Lair:1)
  5 porcupines (Lair:1)
  Purgy (Sewer)
  2 water moccasins (Lair:1)
  2 ice beasts
  2 orc warriors
  2 sky beasts
  A hornet zombie (D:6)
  4 ogres
  A centaur (D:5)
  4 wolves (Lair:1)
  7 bullfrogs
  A big kobold (D:6)
  A wyvern zombie (D:7)
  3 scorpions
  4 crimson imps
  A quasit (D:5)
  2 bullfrog zombies
  2 bullfrog skeletons
  6 hounds
  A jelly (D:6)
  3 orc priests (D:7)
  3 worker ants
  3 iguanas
  4 orc wizards
  A worker ant zombie (D:3)
  3 gnolls (D:5)
  9 adders
  2 river rats (D:5)
  2 shadow imps
  An ooze (D:5)
  6 worms
  2 dart slugs
  2 leopard geckos (D:2)
  22 orcs
  8 bats
  3 giant cockroaches
  10 goblins
  9 hobgoblins
  16 jackals
  5 quokkas
  3 frilled lizards
  A jackal skeleton (D:6)
  15 kobolds
  6 rats
223 creatures vanquished.

Vanquished Creatures (others)
  A howler monkey zombie (D:5)
1 creature vanquished.

Grand Total: 224 creatures vanquished

Notes
Turn   | Place    | Note
-------+----------+-------------------------------------------
     0 | D:1      | MisterOstroum the Centaur Martial Artist began the quest
                  | for the Orb.
     0 | D:1      | Reached XP level 1. HP: 19/19 MP: 2/2
   157 | D:1      | Reached XP level 2. HP: 11/26 MP: 3/3
   977 | D:2      | Reached XP level 3. HP: 33/33 MP: 2/4
  1012 | D:2      | Reached ** piety under Wu Jian
  1561 | D:2      | Reached XP level 4. HP: 39/40 MP: 5/5
  1848 | D:3      | Reached *** piety under Wu Jian
  2204 | D:3      | Reached XP level 5. HP: 44/47 MP: 4/6
  2450 | D:3      | Reached skill level 5 in Unarmed Combat
  3050 | D:4      | Noticed an ogre
  3065 | D:4      | Killed an ogre
  3065 | D:4      | Reached XP level 6. HP: 41/55 MP: 5/7
  3100 | D:4      | Reached skill level 5 in Fighting
  3617 | D:4      | Reached XP level 7. HP: 55/62 MP: 6/8
  3669 | D:4      | Reached skill level 1 in Hexes
  3830 | D:4      | Found a glowing golden altar of the Shining One.
  3830 | D:4      | Found a runed door.
  3830 | D:4      | Noticed an angel
  4154 | D:5      | Entered Level 5 of the Dungeon
  4188 | D:5      | Reached **** piety under Wu Jian
  4374 | D:5      | Noticed Pikel
  4426 | D:5      | Found a runed translucent gate.
  4426 | D:5      | Found a runed translucent gate.
  4426 | D:5      | Found a runed translucent gate.
  4426 | D:5      | Noticed chipmonk's ghost (novice GrRe)
  4426 | D:5      | Noticed KristoblXynda's ghost (amateur DrSk)
  4806 | D:5      | Found a glowing drain.
  4813 | Sewer    | Entered a sewer
  4861 | Sewer    | Noticed Purgy
  4867 | Sewer    | Killed Purgy
  4867 | Sewer    | Reached XP level 8. HP: 52/71 MP: 7/9
  5220 | D:5      | Killed Pikel
  5566 | D:5      | Found a staircase to the Ecumenical Temple.
  5990 | D:5      | Killed KristoblXynda's ghost
  5990 | D:5      | Reached XP level 9. HP: 81/81 MP: 10/10
  5994 | D:5      | Killed chipmonk's ghost
  6532 | D:6      | Found Ylivaev's Armour Boutique.
  7006 | D:6      | Found a blossoming altar of Fedhas.
  7009 | D:6      | Found a basalt altar of Yredelemnul.
  7271 | D:7      | Noticed a death yak
  7273 | D:7      | Noticed a death yak
  7273 | D:7      | Noticed a death yak
  7273 | D:7      | Noticed a death yak
  7338 | D:7      | Reached skill level 5 in Dodging
  7478 | D:7      | Noticed Joseph
  7483 | D:7      | Killed Joseph
  7483 | D:7      | Reached ***** piety under Wu Jian
  7608 | D:7      | Reached XP level 10. HP: 75/91 MP: 9/11
  7653 | D:7      | Noticed Menkaure
  7891 | D:7      | Killed Menkaure
  7918 | D:7      | Noticed a death yak
  7918 | D:7      | Noticed a death yak
  7931 | D:7      | Killed a death yak
  7939 | D:7      | Killed a death yak
  7939 | D:7      | Reached skill level 10 in Fighting
  7939 | D:7      | Reached skill level 10 in Unarmed Combat
  8246 | D:7      | Found a staircase to the Lair.
  8262 | D:7      | Killed a death yak
  8267 | D:7      | Killed a death yak
  9291 | Lair:1   | Entered Level 1 of the Lair of Beasts
  9332 | Lair:1   | Reached XP level 11. HP: 101/101 MP: 13/15
  9709 | Lair:1   | Reached skill level 5 in Hexes
  9732 | Lair:1   | Learned a level 1 spell: Corona
 10353 | Lair:1   | Reached skill level 1 in Evocations
 11328 | Lair:2   | Slain by a jumping spider

Skill      XL: |  1  2  3  4  5  6  7  8  9 10 11 |
---------------+----------------------------------+-----
Fighting       | 4 5 6 7 9 10 | 10.4
Unarmed Combat | 5 6 8 9 10 | 10.5
Dodging        | 3 4 5 6 |  6.6
Hexes          | 2 3 4 5 |  5.7
Spellcasting   | 3 4 |  4.9
Evocations     | 2 |  2.8
Stealth        | |  0.5

Action                   |  1- 3 |  4- 6 |  7- 9 | 10-12 || total
-------------------------+-------+-------+-------+-------++-------
Melee: Unarmed           |   134 |   178 |   296 |   227 ||   835
       Kick              |    14 |    49 |    73 |    80 ||   216
       Punch             |     3 |     4 |    11 |    16 ||    34
 Fire: Hunting sling     |       |    12 |    24 |    52 ||    88
Throw: Stone             |       |     2 |     2 |     7 ||    11
 Cast: Confusing Touch   |     9 |    15 |    24 |    20 ||    68
       Corona            |       |       |       |     1 ||     1
Invok: Whirlwind         |    21 |    23 |    38 |    19 ||   101
       Lunge             |    18 |     7 |    19 |    21 ||    65
 Abil: Wall Jump         |       |     1 |       |       ||     1
       Evoke Berserk Rag |       |       |     3 |     4 ||     7
       Serpent's Lash    |       |       |     2 |     2 ||     4
  Use: Scroll            |       |       |     9 |     8 ||    17
 Stab: Confused          |       |     1 |     4 |     3 ||     8
  Eat: Chunk             |     2 |     6 |    13 |    14 ||    35
       Ration            |       |       |     2 |       ||     2
Armor: Robe              |    45 |    35 |    27 |       ||   107
       Leather armour    |       |       |    27 |    23 ||    50
Dodge: Dodged            |    73 |    74 |   132 |    94 ||   373
